AoeStats
← M@nqu!to

Arena

505798505Analyzed
2v2 RM · 20d ago on Sep 11, 2026· 30m 36s· 4 players
Game mode
Random Map
Map size
Medium (4 player)
Population
200
Speed
Normal
Resources
Standard
Victory
Conquest
Starting age
Dark Age
Ending age
Imperial Age
RankedLock teamsTeams togetherTeam positionsShared explorationLock speedFull tech treeHidden civsTurbo modeCheats
Victory
Defeat
🇵🇪 Portuguese · Peru
1280
+18
🇵🇪 Burgundians · Peru
1252
+19
🇺🇸 Koreans · United States
1342
-19
🇺🇸 Romans · United States
1319
-18
Keif
6:20 Loom
9:11 Feudal Age
14:48 Fletching
16:22 Double-Bit Axe
19:25 Wheelbarrow
19:18 Horse Collar
23:31 Castle Age
23:28 Gold Mining
24:11 Bodkin Arrow
24:41 Bow Saw
İmparator İlletyus
11:17 Feudal Age
15:09 Castle Age
13:13 Horse Collar
15:25 Double-Bit Axe
16:18 Heavy Plow
18:37 Loom
18:51 Gold Mining
19:18 Bow Saw
20:05 Wheelbarrow
19:18 Town Watch
23:01 Stone Mining
23:47 Fletching
29:35 Imperial Age
27:36 Squires
26:57 Man-at-Arms
27:40 Scale Mail Armor
28:07 Forging
28:29 Hand Cart
29:38 Onager
M@nqu!to
5:49 Double-Bit Axe
7:09 Horse Collar
11:14 Feudal Age
9:32 Loom
11:18 Feudal Age
17:24 Fletching
25:20 Castle Age
28:34 Bodkin Arrow
29:14 Scale Barding Armor
29:20 Forging
M@nquito 2.0
10:41 Feudal Age
15:25 Castle Age
14:13 Double-Bit Axe
15:56 Loom
19:17 Gold Mining
26:08 Imperial Age
24:13 Fletching
25:59 Bodkin Arrow
28:10 Chemistry
28:08 Bow Saw
28:26 Treadmill Crane
29:32 Redemption
Connection lost

Rejoining the realm…

Still unreachable

The connection could not be restored.

Session expired

The server has moved on; the page needs a fresh start.